 Dungeon Crawl Stone Soup version 0.17.1-2-g5865329 (webtiles) character file.

67 Ratboiler the Skirmisher (level 4, -2/35 HPs)
             Began as a Mummy Wanderer on Feb 6, 2016.
             Was an Initiate of Sif Muna.
             Slain by Uhlv's ghost (12 damage)
             ... in a sewer.
             The game lasted 00:13:45 (2230 turns).

Ratboiler the Skirmisher (Mummy Wanderer)           Turns: 2230, Time: 00:13:45

Health: -2/35      AC:  5    Str: 13    XL:     4   Next: 0%
Magic:  5/6        EV: 11    Int: 12    God:    Sif Muna [......]
Gold:   118        SH:  0    Dex: 13    Spells: 2 memorised, 4 levels left

rFire  x . .     SeeInvis .     p - +2 whip (elec)
rCold  + . .     Clarity  .     d - +0 robe
rNeg   + + +     SustAt   .     (no shield)
rPois  ∞         Gourm    .     i - +0 helmet
rElec  .         Spirit   .     (no cloak)
rCorr  .         Warding  .     (no gloves)
rMut   .         Stasis   .     g - +1 pair of boots
MR     .....                    (no amulet)
Stlth  ++........               (no ring)
                                (no ring)

@: not resistant to hostile enchantments, unstealthy
A: no food or potions, fire vulnerability, cold resistance 1, negative energy
resistance 3, torment resistance, unbreathing
a: Renounce Religion


You were in a sewer.
You worshipped Sif Muna.
Sif Muna was noncommittal.
You were not hungry.

You visited 1 branch of the dungeon, and saw 3 of its levels.
You also visited: Sewer.

You collected 118 gold pieces.

Inventory:

Hand Weapons
 e - a +0 dagger
 j - a +0 dagger of draining
 p - a +2 whip of electrocution (weapon)
Missiles
 f - 103 stones (quivered)
 k - 8 steel sling bullets
 l - 7 curare-tipped needles
Armour
 d - a +0 robe (worn)
 g - a +1 pair of boots (worn)
 h - a +0 hat
 i - a +0 helmet (worn)
Scrolls
 c - a scroll of enchant armour {unknown}
 m - a scroll of random uselessness
 o - a scroll of fear
 q - a scroll of magic mapping {unknown}
Books
 a - a book of Battle

   Spells                             Type                      Level
   a - Infusion                       Charms                       1
   b - Shroud of Golubria             Charms/Translocation         2
   c - Song of Slaying                Charms                       2
   d - Spectral Weapon                Hexes/Charms                 3
   e - Regeneration                   Charms/Necromancy            3
 b - Kikubaaqudgha's Compendium of Dark Arts

   Spells                             Type                      Level
   a - Animate Skeleton               Necromancy                   1
   b - Sublimation of Blood           Necromancy                   2


   Skills:
 + Level 3.5 Fighting
   Level 1.0 Crossbows
 - Level 1.0 Armour
 - Level 1.0 Stealth
   Level 1.0 Shields
 + Level 1.6 Spellcasting
 - Level 1.5 Charms
 - Level 2.0 Necromancy


You had 4 spell levels left.
You knew the following spells:

 Your Spells              Type           Power        Failure   Level  Hunger
a - Infusion              Chrm           #.....       17%         1    N/A
b - Animate Skeleton      Necr           N/A          14%         1    N/A

Dungeon Overview and Level Annotations

Branches:
Dungeon (3/15)

Altars:
Elyvilon
Sif Muna

Annotations:
Sewer Purgy; Uhlv's ghost, amateur HOFi


Innate Abilities, Weirdness & Mutations

You do not eat or drink.
Your flesh is vulnerable to fire.
You are immune to poison.
Your flesh is cold resistant.
You are immune to negative energy.
You are immune to unholy pain and torment.
You can survive without breathing.


Message History

You completely miss Purgy.
Purgy is lightly wounded.
Purgy bites you! Purgy closely misses you. Purgy claws you.
* * * LOW HITPOINT WARNING * * *
Your magical infusion is running out.
Read which item? (? for menu, Esc to quit)
As you read the scroll of teleportation, it crumbles to dust.
You feel strangely unstable. Purgy barely misses you. Purgy claws you.
* * * LOW HITPOINT WARNING * * *
Purgy claws you but does no damage.
Your surroundings suddenly seem different.
Uhlv's ghost whispers, "Everlasting silence awaits you..."
Found four items.
You see here 12 gold pieces.
You are no longer magically infusing your attacks.
Uhlv's ghost completely misses you.
You see here a scroll labeled QIRCHAEXKEI.
c - a scroll labeled QIRCHAEXKEI Uhlv's ghost hits you!
You die...

##.....## ##...##
##.## #.# #.#
####### #.#
##.....## #.#
#$......# #.#
#@$.....####.#####
#}W...............
#($.....##########
#$......#
##.....## #######


You could see Uhlv's ghost.

Vanquished Creatures
  2 adders (D:3)
  2 giant geckos
  3 orcs (D:3)
  4 giant cockroaches
  4 hobgoblins
  A ball python (D:2)
  12 bats
  6 giant newts
  4 goblins
  7 kobolds
  3 rats (D:1)
48 creatures vanquished.

Vanquished Creatures (collateral kills)
  A kobold (D:3)
  A rat (D:2)
2 creatures vanquished.

Grand Total: 50 creatures vanquished

Notes
Turn   | Place    | Note
--------------------------------------------------------------
     0 | D:1      | Ratboiler the Mummy Wanderer began the quest for the Orb.
     0 | D:1      | Ratboiler set off with: a book of Battle, Kikubaaqudgha's Compendium of Dark Arts, a scroll of teleportation, a +0 robe, a +0 dagger
     0 | D:1      | Reached XP level 1. HP: 15/15 MP: 2/2
     2 | D:1      | Learned a level 1 spell: Infusion
   256 | D:1      | Reached XP level 2. HP: 22/22 MP: 0/3
   961 | D:1      | Learned a level 1 spell: Animate Skeleton
  1249 | D:2      | Reached skill level 3 in Fighting
  1250 | D:2      | Reached XP level 3. HP: 24/29 MP: 0/4
  1305 | D:2      | Found a deep blue altar of Sif Muna.
  1311 | D:2      | Became a worshipper of Sif Muna the Loreminder
  1530 | D:2      | Found a white marble altar of Elyvilon.
  1756 | D:3      | Found a glowing drain.
  1840 | Sewer    | Entered a sewer
  1862 | Sewer    | Reached XP level 4. HP: 24/35 MP: 4/6
  1977 | Sewer    | Noticed Purgy
  1977 | Sewer    | Noticed Uhlv's ghost (amateur HOFi)
  2230 | Sewer    | Slain by Uhlv's ghost

Action                   |  1- 3 |  4- 6 || total
-------------------------+-------+-------++-------
Melee: Dagger            |    93 |       ||    93
       Whip              |    81 |    10 ||    91
 Cast: Infusion          |    16 |     2 ||    18
       Animate Skeleton  |    12 |     2 ||    14
  Use: Scroll            |     3 |     4 ||     7
 Stab: Sleeping          |     2 |       ||     2
